 Dungeon Crawl Stone Soup version 0.16.1-28-gcc2312f (webtiles) character file.

18 sscrono2 the Magician (level 2, 17/17 HPs)
             Began as an Octopode Wizard on June 5, 2015.
             Quit the game on level 1 of the Dungeon.
             The game lasted 00:07:40 (1200 turns).

sscrono2 the Magician (Octopode Wizard)             Turns: 1200, Time: 00:07:40

Health: 17/17      AC:  1    Str:  6    XL:     2   Next: 66%
Magic:  6/6        EV: 12    Int: 20    God:
Gold:   16         SH:  0    Dex: 10    Spells: 1 memorised, 6 levels left

rFire  . . .     SeeInvis .     e - -2 whip (curse)
rCold  . . .     Clarity  .     (no shield)
rNeg   . . .     SustAb   .     b - +0 hat
rPois  .         Gourm    .     (no amulet)
rElec  .         Spirit   .     a - ring of teleportation (curse)
rCorr  .         Warding  .     (no ring)
rMut   .         Rnd*Tele +     (no ring)
MR     .....                    (no ring)
Stlth  +++.......               (no ring)
                                (no ring)
                                (no ring)
                                (no ring)

@: not resistant to hostile enchantments, fairly stealthy
A: almost no armour, amphibious, 8 rings, constrict 8, camouflage 1, gelatinous
body 1
a: Evoke Teleportation


You were on level 1 of the Dungeon.
You were not hungry.

You visited 1 branch of the dungeon, and saw 1 of its levels.

You collected 16 gold pieces.

Inventory:

Hand weapons
 e - a cursed -2 whip (weapon)
 f - a cursed +0 whip
Armour
 b - a +0 hat (worn)
Jewellery
 a - a cursed ring of teleportation (left tentacle)
Potions
 g - a potion of magic {unknown}
Books
 c - a book of Minor Magic

   Spells                             Type                      Level
   a - Magic Dart                     Conjuration                  1
   b - Blink                          Translocation                2
   c - Call Imp                       Summoning                    2
   d - Repel Missiles                 Charms/Air                   2
   e - Slow                           Hexes                        2
   f - Conjure Flame                  Conjuration/Fire             3
   g - Mephitic Cloud                 Conjuration/Poison/Air       3


   Skills:
 + Level 0.2 Fighting
 + Level 2.2 Dodging
 + Level 2.9 Stealth
 + Level 3.3 Spellcasting
 + Level 1.3 Conjurations
   Level 1.0 Summonings
   Level 1.0 Translocations


You had 6 spell levels left.
You knew the following spells:

 Your Spells              Type           Power        Failure   Level  Hunger
a - Magic Dart            Conj           #...         10%         1    None


Dungeon Overview and Level Annotations

Branches:
Dungeon (1/15)

Altars:


Innate Abilities, Weirdness & Mutations

You cannot wear most types of armour.
You are amphibious.
You can wear up to eight rings at the same time.
You can use your tentacles to constrict many enemies at once.
Your skin changes colour to match your surroundings (Stealth).
Your rubbery body absorbs attacks (AC +1).


Message History

Casting: Magic Dart
Confirm with . or Enter, or press ? or * to list all spells.
Aiming: Magic Dart
Press: ? - help, Shift-Dir - straight line, f/p - bat
Aim: a bat (severely wounded)
The magic dart hits the bat.
You kill the bat!
You see here a bat corpse.
Eat which item? (? for menu, Esc to quit)
You continue eating. x2
You finish eating.
That bread ration really hit the spot!
You now have 16 gold pieces.
You see here a rat corpse.
You open the door.
There is an open door here.
Quiver which item? (- for none, * to show all) (? for menu, Esc to quit)
Okay, then.
Quiver which item? (- for none, * to show all) (? for menu, Esc to quit)
Okay, then.
Are you sure you want to abandon this character and quit the game? (Confirm with "yes".)

....................#####........
..).................# #........
....................# #........
....................# #........
...>.........###'#### #....#.##
..........†..# #.# #.##.....
#####.......## #.# #.##.###.
#)......# #.# #####.##.###.
#.......# #@# #........#...
#%......# #.# #.###.#..#.#.
#.>.....# #.# #. #.#..).).
#....>..# #.# #. #..#.#...
#.......# #.####.###..#.##..
#.......# #.#.........#.#...
#.......# #.# #......#.#...
#.......# #.# ###......#..#
#.......# #.# #.#######..


There were no monsters in sight!

Vanquished Creatures
  A giant gecko (D:1)
  2 ball pythons (D:1)
  2 hobgoblins (D:1)
  3 bats (D:1)
  2 giant newts (D:1)
  3 goblins (D:1)
  4 rats (D:1)
17 creatures vanquished.

Notes
Turn   | Place    | Note
--------------------------------------------------------------
     0 | D:1      | sscrono2, the Octopode Wizard, began the quest for the Orb.
     0 | D:1      | Reached XP level 1. HP: 11/11 MP: 4/4
   571 | D:1      | Learned a level 1 spell: Magic Dart
   714 | D:1      | Reached XP level 2. HP: 12/17 MP: 3/6
  1200 | D:1      | Quit the game

Action                   || total
-------------------------++-------
Melee: Whip              ||     8
       Unarmed           ||     1
 Cast: Magic Dart        ||    28
  Use: Scroll            ||     3
 Stab: Sleeping          ||     1
  Eat: Bread ration      ||     1
